 Dungeon Crawl Stone Soup version 0.21.1-1-g345015f (webtiles) character file.

110 zishaf the Chiller (level 4, -4/30 HPs)
             Began as a Merfolk Ice Elementalist on May 13, 2018.
             Was an Initiate of Ru.
             Slain by an ogre
             ... wielding a +0 giant club
              (19 damage)
             ... on level 4 of the Dungeon.
             The game lasted 00:16:46 (3233 turns).

zishaf the Chiller (Merfolk Ice Elementalist)       Turns: 3233, Time: 00:16:47

Health: -4/30      AC:  2    Str: 11    XL:     4   Next: 91%
Magic:  0/7        EV: 13    Int: 15    God:    Ru [......]
Gold:   91         SH:  0    Dex: 14    Spells: 4/7 levels left

rFire    . . .     SeeInvis +   j - +1 dagger (venom)
rCold    . . .     Gourm    .   (no shield)
rNeg     . . .     Faith    .   a - +0 robe
rPois    .         Spirit   .   (no helmet)
rElec    .         Reflect  .   (no cloak)
rCorr    .         Harm     .   (no gloves)
MR       .....                  (no boots)
Stlth    ++........             n - amulet of regeneration
HPRegen  0.50/turn              q - ring of see invisible
MPRegen  0.10/turn              r - +3 ring of strength

@: no status effects
A: change form in water, swift swim, stealthy swim
a: Renounce Religion


You were on level 4 of the Dungeon.
You worshipped Ru.
Ru was noncommittal.
You were not hungry.

You visited 1 branch of the dungeon, and saw 4 of its levels.

You collected 91 gold pieces.

Inventory:

Hand Weapons
 g - a +3 dagger
 j - a +1 dagger of venom (weapon)
Armour
 a - a +0 robe (worn)
Jewellery
 n - an amulet of regeneration (around neck)
 o - an uncursed amulet of guardian spirit
 q - a ring of see invisible (left hand)
 r - a +3 ring of strength (right hand)
Scrolls
 d - a scroll of enchant armour {unknown}
 e - 2 scrolls of enchant weapon
 f - 3 scrolls of identify
 i - a scroll of blinking
 l - a scroll of remove curse
 m - a scroll of magic mapping
 p - a scroll of fog {unknown}
Potions
 h - 2 potions of agility {unknown}
 k - 2 potions of lignification {unknown}
Books
 b - a book of Frost

   Spells                             Type                      Level
   a - Freeze                         Ice                          1
   b - Throw Frost                    Conjuration/Ice              2
   c - Ozocubu's Armour               Charms/Ice                   3
   d - Throw Icicle                   Conjuration/Ice              4
   e - Summon Ice Beast               Ice/Summoning                4
Comestibles
 c - 2 rations


   Skills:
 + Level 2.2 Short Blades
 - Level 2.7 Dodging
 - Level 3.0 Stealth
 - Level 2.0 Spellcasting
 - Level 1.0 Conjurations
 * Level 5.0 Ice Magic


You had 4 spell levels left.
You knew the following spells:

 Your Spells              Type           Power        Failure   Level  Hunger
a - Freeze                Ice            ###.         2%          1    #......
b - Throw Frost           Conj/Ice       ##....       10%         2    ###....


Dungeon Overview and Level Annotations

Branches:
Dungeon (4/15)
 Temple: D:4-7

Altars:
Ru
Wu Jian

Annotations:
D:3 PedroKMD's ghost, amateur GrAK; Sigmund


Message History

Aiming: Freeze
Press: ? - help, Shift-Dir - straight line, f/p - ogre
Aim: an ogre, wielding a giant club (moderately wounded)
You freeze the ogre.
The ogre is heavily wounded.
The ogre hits you with a giant club!
Ouch! That really hurt!
Casting: Freeze
Confirm with . or Enter, or press ? or * to list all spells.
Aiming: Freeze
Press: ? - help, Shift-Dir - straight line, f/p - ogre
Aim: an ogre, wielding a giant club (heavily wounded)
You freeze the ogre.
The ogre is severely wounded.
The ogre closely misses you.
You hit the ogre.
The ogre is almost dead.
The ogre hits you with a giant club!!
Ouch! That really hurt!
You die...

####### ### #.....#
#####.# #.#.#.#
#.....### #.....##
#.....'.####.#.#..#
#.....#.##.@O.....#
#.....#.##.###....#
###.....#.<#.#
..###
#.......####.# ##
#...##..####.#
#............#
#..#.#.#..####
#........##
#..#.#.#.#


You could see an ogre.

Vanquished Creatures
  A worker ant (D:2)
  A hound skeleton (D:4)
  3 adders (D:2)
  An ooze (D:2)
  A dart slug (D:1)
  2 leopard geckos (D:2)
  A ball python (D:3)
  7 bats
  2 giant cockroaches
  6 goblins
  6 hobgoblins
  A frilled lizard (D:1)
  5 kobolds
  4 rats
41 creatures vanquished.

Notes
Turn   | Place    | Note
-------+----------+-------------------------------------------
     0 | D:1      | zishaf the Merfolk Ice Elementalist began the quest for the Orb.
     0 | D:1      | Reached XP level 1. HP: 13/13 MP: 3/3
   377 | D:1      | Reached XP level 2. HP: 17/19 MP: 0/5
   448 | D:1      | Learned a level 2 spell: Throw Frost
  1456 | D:2      | Reached skill level 1 in Conjurations
  1456 | D:2      | Reached skill level 4 in Ice Magic
  1456 | D:2      | Reached XP level 3. HP: 18/24 MP: 6/6
  1770 | D:2      | Reached skill level 1 in Short Blades
  1934 | D:2      | Found an ornate altar of the Wu Jian Council.
  1939 | D:2      | Reached XP level 4. HP: 30/30 MP: 7/7
  2481 | D:2      | Found a sacrificial altar of Ru.
  2490 | D:2      | Became a worshipper of Ru the Awakened
  2795 | D:3      | Noticed PedroKMD's ghost (amateur GrAK)
  2874 | D:3      | Noticed Sigmund
  3208 | D:4      | Reached skill level 5 in Ice Magic
  3223 | D:4      | Noticed an ogre
  3233 | D:4      | Slain by an ogre

Skill      XL: |  1  2  3  4 |
---------------+-------------+-----
Stealth        | 3 |  3.0
Conjurations   | 1 |  1.0
Ice Magic      | 4 5 |  5.0
Short Blades   | 1 2 |  2.2
Dodging        | |  2.7
Spellcasting   | |  2.0

Action                   |  1- 3 |  4- 6 || total
-------------------------+-------+-------++-------
Melee: Unarmed           |     6 |       ||     6
       Dagger            |    23 |    35 ||    58
       Tailslap          |     1 |       ||     1
 Cast: Freeze            |    19 |     6 ||    25
       Throw Frost       |    17 |     9 ||    26
  Use: Scroll            |       |     5 ||     5
 Stab: Sleeping          |     4 |     1 ||     5
  Eat: Chunk             |     5 |     3 ||     8
       Ration            |       |     1 ||     1
Armor: Robe              |     6 |     7 ||    13
Dodge: Dodged            |    22 |    27 ||    49
